Map: Catalyst LE

Players

ViBE

  • Race: Zerg Zerg
  • League: Master
  • Spawn Location: 5:00

EroSennin - Winner!

  • Race: Protoss Protoss
  • League: Master
  • Spawn Location: 11:00

VOD

Have the link to the VOD?

Description

Time

  • Played on: March 31, 2018, 9:18 p.m.
  • Length: 7:05
Show
View Real Time Build Order
Export as new Build Order

ViBE Zerg 

Build Orders: Hatch First 

Get SALT Encoding   

  12  0:01  Drone  
  13  0:14  Overlord  
  13  0:19  Drone  
  14  0:32  Drone x2  
  16  0:38  Drone  
  17  0:55  Hatchery  
  16  0:58  Drone  
  16  1:01  Drone  
  18  1:16  Spawning Pool  
  17  1:18  Drone  
  17  1:24  Drone  
  19  1:30  Drone  
  20  1:46  Hatchery  
  19  1:52  Drone  
  19  1:53  Drone  
  21  2:07  Queen  
  23  2:13  Queen  
  25  2:26  Zergling x4  
  25  2:27  Zergling x2  
  28  2:35  Overlord  
  28  2:53  Queen x2  
  28  2:58  Zergling x4  
  34  2:59  Drone x5  
  39  3:24  Drone x3  
  42  3:38  Overlord x4  
  42  3:46  Extractor  
  42  3:47  Extractor, Drone x2  
  42  3:52  Spore Crawler x2  
  40  3:56  Spore Crawler, Drone x8  
  40  3:59  Drone  
  48  4:04  Drone x2  
  48  4:09  Drone x2  
  52  4:12  Drone x2  
  55  4:17  Drone x3  
  57  4:25  Drone  
  57  4:26  Drone  
  59  4:34  Drone  
  59  4:35  Drone x6  
  59  4:38  Lair  
  66  4:48  Roach Warren  
  65  4:56  Overlord x5  
  64  5:08  Extractor x2  
  64  5:09  Drone x3  
  65  5:15  Drone  
  65  5:16  Drone x7  
  73  5:26  Hatchery  
  73  5:27  Roach  
  73  5:28  Roach x5  
  84  5:40  Evolution Chamber  
  84  5:41  Evolution Chamber x2  
  81  5:45  Roach x2  
  81  5:46  Roach x4  
  93  5:55  Roach x4  
  98  6:03  Roach x3  
  102  6:23  Roach x4  
  74  6:37  Roach x6  
  74  6:38  Roach  
Show
View Real Time Build Order
Export as new Build Order

EroSennin Protoss - Winner!

Build Orders: 1 Gate Expand, Phoenix Opening 

Get SALT Encoding   

  12  0:00  Probe  
  13  0:13  Probe  
  14  0:21  Pylon  
  14  0:25  Probe  
  15  0:39  Probe (Chrono Boost)  
  15  0:40  Gateway  
  16  0:48  Assimilator, Probe (Chrono Boost)  
  17  0:53  Probe (Chrono Boost)  
  18  1:05  Probe (Chrono Boost)  
  19  1:12  Probe (Chrono Boost)  
  20  1:27  Nexus  
  20  1:37  Cybernetics Core  
  20  1:43  Assimilator  
  20  1:46  Probe  
  21  1:57  Pylon  
  21  1:58  Probe  
  22  2:10  Probe  
  22  2:14  Adept (Chrono Boost)  
  25  2:20  Stargate  
  25  2:22  Probe  
  26  2:32  Adept  
  26  2:34  Probe (Chrono Boost)  
  26  2:35  Warp Gate  
  29  2:44  Pylon  
  29  2:45  Probe (Chrono Boost)  
  31  2:54  Probe (Chrono Boost)  
  31  2:55  Probe (Chrono Boost)  
  32  3:00  Probe x2 (Chrono Boost)  
  34  3:05  Phoenix  
  36  3:13  Pylon  
  36  3:26  Probe x2  
  36  3:30  Twilight Council  
  36  3:33  Robotics Facility  
  36  3:38  Adept, Probe  
  38  3:42  Probe  
  39  3:50  Probe  
  40  4:00  Charge (Chrono Boost)  
  40  4:10  Gateway  
  40  4:11  Gateway  
  40  4:13  Gateway  
  40  4:16  Gateway x2  
  40  4:22  Gateway  
  40  4:26  Gateway  
  40  4:32  Warp Prism  
  40  4:38  Pylon  
  42  4:45  Zealot  
  44  4:57  Pylon  
  44  5:07  Zealot x3  
  44  5:10  Zealot  
  52  5:16  Zealot x2  
  56  5:25  Zealot x4  
  64  5:29  Zealot  
  64  5:30  Zealot  
  64  5:31  Zealot  
  70  5:41  Pylon  
  70  5:45  Pylon  
  70  5:56  Zealot x4  
  78  6:04  Zealot x4  
  78  6:24  Zealot x2  
  78  6:25  Zealot x3  
  74  6:26  Zealot x3  
  64  6:45  Zealot x4  
  64  6:46  Zealot x3  
  76  6:50  Zealot  
Tags
 
Add a new tag
Caveats
  • Supply blocks, unpowered buildings, or Contaminate may cause inaccurate times.
  • Supply counts are checked every 10 seconds.